 Dungeon Crawl Stone Soup version 0.18-a0-1147-g8e8348b (webtiles) character file.

71910 Arkorax the Convoker (level 14, 0/111 HPs)
             Began as a Grey Draconian Summoner on Jan 21, 2016.
             Was the Champion of Sif Muna.
             Slain by a naga
             ... wielding a +0 long sword
              (4 damage)
             ... on level 1 of the Snake Pit on Jan 22, 2016.
             The game lasted 01:44:39 (39837 turns).

Arkorax the Convoker (Grey Draconian Summoner)     Turns: 39837, Time: 01:44:39

Health: 0/111      AC: 22    Str: 10    XL:     14   Next: 99%
Magic:  19/33      EV: 23    Int: 26    God:    Sif Muna [******]
Gold:   823        SH:  9    Dex: 22    Spells: 6 memorised, 4 levels left

rFire  . . .     SeeInvis .     Z - +1 spear "Ziok" {drain, rN+ Dex+4}
rCold  + + .     Gourm    .     (armour unavailable)
rNeg   + . .     Faith    .     G - +3 buckler {reflect}
rPois  .         Spirit   .     (helmet restricted)
rElec  +         Dismiss  .     l - +2 cloak
rCorr  .         Reflect  +     k - +2 pair of gloves
SustAt .         Harm     .     H - +2 pair of boots
MR     +....                    x - amulet of magic regeneration
Stlth  ++........               Y - ring "Noydd" {rElec rC++ Int+7 Dex+4}
                                a - ring of wizardry

@: slowed, drained, very slow, somewhat resistant to hostile enchantments,
unstealthy
A: walk through water, unfitting armour, talons 1, high mp 1, unbreathing,
cold-blooded, AC +13
a: Channel Energy, Forget Spell, Renounce Religion


You were on level 1 of the Snake Pit.
You worshipped Sif Muna.
Sif Muna was exalted by your worship.
You were near starving.

You visited 6 branches of the dungeon, and saw 28 of its levels.
You also visited: Labyrinth.

You collected 2055 gold pieces.
You spent 1232 gold pieces at shops.

Inventory:

Hand Weapons
 Z - the +1 spear "Ziok" (weapon) {drain, rN+ Dex+4}
   (You took it off an orc priest on level 14 of the Dungeon)

   A truly terrible weapon, it drains the life of those it strikes.
   It affects your dexterity (+4).
   It protects you from negative energy.
Missiles
 W - 3 throwing nets (quivered)
Armour
 k - a +2 pair of gloves (worn)
 l - a +2 cloak (worn)
 G - a +3 buckler of reflection (worn)
 H - a +2 pair of boots (worn)
Jewellery
 a - a ring of wizardry (left hand)
 x - an amulet of magic regeneration (around neck)
 V - the ring of the Equinox {rC+ MP+9 Slay+4 Stlth+}
   (You bought it in a shop on level 2 of the Orcish Mines)

   [ring of slaying]

   It affects your accuracy and damage with ranged weapons and melee attacks
   (+4).
   It protects you from cold.
   It affects your magic capacity (+9).
   It makes you more stealthy.
 Y - the ring "Noydd" (right hand) {rElec rC++ Int+7 Dex+4}
   (You found it on level 4 of the Lair of Beasts)

   [ring of dexterity]

   It affects your intelligence (+7).
   It affects your dexterity (+4).
   It greatly protects you from cold.
   It insulates you from electricity.
Wands
 g - a wand of enslavement (12/24)
 q - a wand of fire (4/15)
 u - a wand of enslavement (7/24)
 v - a wand of flame (18/48)
 A - a wand of digging (15/24)
 D - a wand of lightning (5/15)
 I - a wand of cold (8/15)
 N - a wand of paralysis (23/24)
 R - a wand of paralysis (7/24)
 S - a wand of hasting (1/9)
Scrolls
 d - 22 scrolls of remove curse
 m - 7 scrolls of identify
 n - 4 scrolls of fog
 p - 3 scrolls of amnesia
 r - 2 scrolls of teleportation
 s - 2 scrolls of enchant armour
 t - 8 scrolls of magic mapping
 z - 3 scrolls of fear
 E - a scroll of blinking
 K - 2 scrolls of recharging
Potions
 c - 4 potions of cure mutation
 e - 2 potions of brilliance
 f - 3 potions of agility
 i - 3 potions of flight
 j - a potion of berserk rage
 B - 4 potions of ambrosia
 M - 3 potions of haste
 P - a potion of might
 Q - 6 potions of curing
Books
 b - a book of the Warp

   Spells                             Type                      Level
   a - Recall                         Summoning/Translocation      3
   b - Gell's Gravitas                Hexes/Translocation          3
   c - Force Lance                    Conjuration/Translocation    4
   d - Phase Shift                    Translocation                5
   e - Warp Weapon                    Charms/Translocation         5
   f - Summon Forest                  Summoning/Translocation      5
 h - an Akashic Record

   Spells                             Type                      Level
   a - Dispersal                      Translocation                6
   b - Malign Gateway                 Summoning/Translocation      7
   c - Disjunction                    Translocation                8
   d - Controlled Blink               Translocation                8
 o - Sif Muna's Volume of Calling
   (Sif Muna gifted it to you on level 13 of the Dungeon)

   Spells                             Type                      Level
   a - Summon Butterflies             Summoning                    1
   b - Call Imp                       Summoning                    2
   c - Summon Horrible Things         Summoning                    8
   d - Dragon's Call                  Summoning                    9
 y - a book of Necromancy

   Spells                             Type                      Level
   a - Pain                           Necromancy                   1
   b - Animate Skeleton               Necromancy                   1
   c - Vampiric Draining              Necromancy                   3
   d - Regeneration                   Charms/Necromancy            3
   e - Animate Dead                   Necromancy                   4
   f - Control Undead                 Necromancy                   4
 F - a book of Enchantments

   Spells                             Type                      Level
   a - Cause Fear                     Hexes                        4
   b - Yara's Violent Unravelling     Hexes/Transmutation          5
   c - Silence                        Hexes/Air                    5
   d - Deflect Missiles               Charms/Air                   6
   e - Haste                          Charms                       6
   f - Discord                        Hexes                        8
 J - a book of the Sky

   Spells                             Type                      Level
   a - Summon Lightning Spire         Summoning/Air                4
   b - Airstrike                      Air                          4
   c - Silence                        Hexes/Air                    5
   d - Deflect Missiles               Charms/Air                   6
   e - Conjure Ball Lightning         Conjuration/Air              6
   f - Tornado                        Air                          9
 L - a Grand Grimoire

   Spells                             Type                      Level
   a - Monstrous Menagerie            Summoning                    7
   b - Summon Greater Demon           Summoning                    7
   c - Malign Gateway                 Summoning/Translocation      7
   d - Summon Horrible Things         Summoning                    8
 T - a book of Transfigurations

   Spells                             Type                      Level
   a - Stoneskin                      Transmutation/Earth          2
   b - Irradiate                      Conjuration/Transmutation    5
   c - Statue Form                    Transmutation/Earth          6
   d - Hydra Form                     Transmutation                6
   e - Dragon Form                    Transmutation                7
 X - a book of Power

   Spells                             Type                      Level
   a - Fulminant Prism                Conjuration/Hexes            4
   b - Iskenderun's Mystic Blast      Conjuration                  4
   c - Venom Bolt                     Conjuration/Poison           5
   d - Bolt of Magma                  Conjuration/Fire/Earth       5
   e - Iron Shot                      Conjuration/Earth            6
   f - Orb of Destruction             Conjuration                  7
   g - Spellforged Servitor           Conjuration/Summoning        7
Comestibles
 O - 2 meat rations
 U - a slice of pizza


   Skills:
 - Level 6.5(5.6) Fighting
 + Level 1.1(0.3) Polearms
 - Level 11.8(10.8) Dodging
 - Level 1.7(1.0) Stealth
 - Level 4.4(3.6) Shields
 * Level 12.1(11.1) Spellcasting
 + Level 16.9(15.8) Summonings
 - Level 4.7(3.9) Translocations
 - Level 2.2(1.4) Air Magic


You had 4 spell levels left.
You knew the following spells:

 Your Spells              Type           Power        Failure   Level  Hunger
a - Summon Ice Beast      Ice/Summ       ######..     1%          4    None
c - Call Canine Familiar  Summ           #######.     1%          3    None
d - Summon Lightning Spi  Summ/Air       ######..     1%          4    None
e - Summon Horrible Thin  Summ           #######...   19%         8    #######
f - Malign Gateway        Summ/Tloc      ######....   36%         7    ######.
g - Monstrous Menagerie   Summ           #######...   2%          7    ######.


Dungeon Overview and Level Annotations

Branches:
Dungeon (15/15)            Temple (1/1) D:6            Lair (8/8) D:10
 Shoals (0/4) Lair:3        Snake (1/4) Lair:4        Slime (0/6) Lair:8
    Orc (2/2) D:11            Elf (1/3) Orc:2        Vaults (0/5) D:14
 Depths (0/5) D:15

Altars:
Ashenzari
Cheibriados
Dithmenos
Elyvilon
Fedhas
Gozag
Kikubaaqudgha
Makhleb
Nemelex Xobeh
Okawaru
Pakellas
Qazlal
Ru
Sif Muna
Trog
Vehumet
Xom
Yredelemnul
Zin
The Shining One

Shops:
Orc:2 !=[=

Annotations:
D:12 6 runed doors
Lair:8 exclusion: 2 doors
Orc:2 exclusion: downstairs


Innate Abilities, Weirdness & Mutations

You can walk through water.
Your dull iron-grey scales are very hard (AC +13).
Your body does not fit into most forms of armour.
You can survive without breathing.
You are cold-blooded and may be slowed by cold attacks.
You have sharp toenails.
You have an increased reservoir of magic (+10% MP).


Message History

The naga misses you.
Unknown command.
Unknown command.
Drink which item? (? for menu, Esc to quit)
You feel much better.
Your eldritch tentacle slaps the naga!!
Your eldritch tentacle completely misses the naga.
The naga completely misses you.
Your eldritch tentacle slaps the naga!!
The naga dies!
You hit the naga. You drain the naga!
The naga is lightly wounded.
Your eldritch tentacle suddenly becomes enraged!
The eldritch tentacle slaps you! The eldritch tentacle freezes you. You resist.
The eldritch tentacle claws you!!
* * * LOW HITPOINT WARNING * * *
The eldritch tentacle shocks you. You resist.
* * * LOW HITPOINT WARNING * * *
The eldritch tentacle closely misses you.
You block the eldritch tentacle's attack.
The naga hits you with a long sword.
You die...

#. ##. #..# ##### ...
#...#### ##.####......###
..###........).Λ.).#..
##.#...>..H#...w)*.....
###.........###.@.....#..
..##..###?.H#.##N##...#
...#.##.##..H..#..###.#
...#.....####..#....#.#
...#......#....#......#
##.#......#....#......#.
#...#.#####.###.........
#...#.H.....#...###.###.
#...#.......##### ##


You could see an eldritch tentacle and a naga.

Vanquished Creatures
  2 vault guards (D:14)
  A hydra (D:14)
  A catoblepas (D:13)
  3 centaur warriors
  An orc high priest (Orc:2)
  A hill giant (D:14)
  An orc sorcerer (Orc:2)
  A griffon (D:15)
  5 deep elf magi (Elf:1)
  A cyclops (D:14)
  A manticore (D:13)
  5 elephants
  5 spiny frogs
  An efreet (D:13)
  7 komodo dragons
  A fire drake (Lair:7)
  A two-headed ogre (D:8)
  A troll (D:15)
  A polar bear (Lair:7)
  3 blink frogs
  Sigmund (D:3)
  A centaur simulacrum (D:15)
  2 shadows (D:14)
  A water elemental (D:12)
  13 yaks
  2 basilisks (Lair:4)
  A wyvern (D:13)
  7 hippogriffs
  A fire elemental (Elf:1)
  A steam dragon (Lair:6)
  A vampire mosquito (D:13)
  2 hungry ghosts
  A mottled dragon (D:14)
  A naga (Lair:4)
  A wolf (Lair:7)
  16 water moccasins
  10 porcupines
  9 orc warriors
  2 ice beasts (D:12)
  4 phantoms
  A black bear (D:8)
  A wasp (D:11)
  7 ogres
  5 necrophages
  5 centaurs
  13 crocodiles
  3 big kobolds
  2 elf zombies (D:7)
  6 giant frogs
  An elf skeleton (D:7)
  A water moccasin zombie (D:8)
  4 scorpions
  10 wights
  3 killer bees
  An electric eel (D:12)
  5 crimson imps
  A wyvern simulacrum (D:14)
  4 centaur zombies
  3 human zombies (D:7)
  4 hounds
  6 jellies
  11 orc wizards
  18 orc priests
  2 giant frog skeletons
  5 centaur skeletons
  7 iguanas
  4 worker ants
  7 sheep
  A mummy (D:7)
  A gnoll (D:7)
  9 adders
  21 river rats
  4 shadow imps
  2 oozes
  2 worms
  5 giant geckos
  33 orcs
  A ball python (D:2)
  8 bats
  3 giant cockroaches
  5 goblins
  4 hobgoblins
  7 jackals
  5 kobolds
  5 quokkas
  3 giant gecko skeletons (D:4)
  2 jackal zombies
  An orc zombie (D:7)
  A quokka zombie (D:8)
  9 rats
  8 plants (Lair:8)
400 creatures vanquished.

Vanquished Creatures (collateral kills)
  Kirke (D:13)
  An eldritch tentacle (Orc:2)
  Erolcha (D:8)
  A deep elf death mage (Elf:1)
  A minotaur (Lab)
  2 vault guards (D:14)
  A deep elf high priest (D:15)
  7 hydras
  Harold (Lair:2)
  2 anacondas (Snake:1)
  2 naga warriors (Snake:1)
  2 dancing weapons (Elf:1)
  An ogre mage (D:15)
  4 orc high priests (Orc:2)
  2 tengu warriors (D:14)
  A deep elf knight (Elf:1)
  A storm dragon zombie (D:15)
  2 skeletal warriors (D:15)
  2 flayed ghosts (D:15)
  2 unseen horrors (D:12)
  4 hill giants
  A necromancer (D:15)
  2 naga ritualists (Snake:1)
  2 orc knights (Orc:2)
  4 ugly things
  A wolf spider (D:15)
  3 griffons
  4 mana vipers (Snake:1)
  4 deep elf magi (Elf:1)
  3 cyclopes
  3 orc sorcerers (Orc:2)
  A manticore (D:11)
  An iron dragon skeleton (D:15)
  9 black mambas
  A siren (Lair:3)
  14 elephants
  A guardian serpent (Snake:1)
  A naga mage (Snake:1)
  Joseph (D:7)
  A fire giant skeleton (D:15)
  9 spiny frogs
  A gargoyle (D:15)
  A centaur skeleton (D:15)
  A yaktaur (D:15)
  A yaktaur zombie (D:15)
  2 kobold demonologists
  An efreet (D:14)
  7 komodo dragons
  A tengu conjurer (D:14)
  4 trolls
  A fire drake (Lair:4)
  3 merfolk (Lair:3)
  5 two-headed ogres
  12 blink frogs
  2 wraiths
  3 shadows
  A wyvern (Lair:7)
  3 fire elementals
  2 hogs (D:13)
  36 yaks
  5 hippogriffs
  Grum (D:8)
  2 basilisks
  A vampire mosquito (D:13)
  A mottled dragon (D:13)
  12 wolves
  2 soldier ants
  5 nagas
  4 wargs (Orc:2)
  8 water moccasins
  A porcupine (Lair:5)
  21 orc warriors
  2 sky beasts
  2 phantoms
  A black bear (D:11)
  2 eyes of draining
  An ice beast (D:7)
  6 ogres
  A necrophage (D:8)
  2 centaurs
  9 crocodiles
  3 big kobolds
  14 giant frogs
  A scorpion (D:9)
  13 killer bees
  6 wights
  4 electric eels
  5 crimson imps
  3 jellies
  A quasit (D:8)
  2 hounds
  19 orc priests
  2 iguanas
  29 orc wizards
  3 worker ants
  20 sheep
  2 gnolls (D:7)
  12 river rats
  5 adders
  An ooze (Lair:8)
  An adder zombie (D:9)
  3 worms
  53 orcs
  A giant cockroach (D:2)
  4 goblins
  2 hobgoblins
  2 jackals
  A quokka (D:3)
  2 bats (D:1)
  10 kobolds
  A rat (D:3)
  3 fungi (Lair:8)
  A plant (Lair:8)
512 creatures vanquished.

Vanquished Creatures (others)
  A naga sharpshooter (Snake:1)
  2 humans
  An ogre (D:13)
  A centaur (D:13)
  An orc priest (Orc:2)
  An orc (Orc:2)
  120 eldritch tentacle segments
  16 fungi
  4 plants
  A withered plant (D:15)
148 creatures vanquished.

Grand Total: 1060 creatures vanquished

Notes
Turn   | Place    | Note
--------------------------------------------------------------
     0 | D:1      | Arkorax the Draconian Summoner began the quest for the Orb.
     0 | D:1      | Reached XP level 1. HP: 14/14 MP: 3/3
   939 | D:1      | Reached XP level 2. HP: 20/20 MP: 5/5
   971 | D:1      | Learned a level 2 spell: Call Imp
  1663 | D:2      | Reached XP level 3. HP: 26/26 MP: 7/7
  1939 | D:2      | Found a bloodstained altar of Trog.
  1943 | D:2      | Found a shattered altar of Ashenzari.
  1951 | D:2      | Found a glowing golden altar of the Shining One.
  2242 | D:2      | Learned a level 3 spell: Call Canine Familiar
  2717 | D:3      | Found an ancient bone altar of Kikubaaqudgha.
  2729 | D:3      | Reached XP level 4. HP: 25/33 MP: 1/8
  2733 | D:3      | Found a glowing silver altar of Zin.
  2733 | D:3      | Found a radiant altar of Vehumet.
  2750 | D:3      | Found a basalt altar of Yredelemnul.
  2751 | D:3      | Found a snail-covered altar of Cheibriados.
  3604 | D:3      | Reached skill level 5 in Summonings
  3680 | D:3      | Noticed Sigmund
  3737 | D:3      | Killed Sigmund
  3737 | D:3      | Reached XP level 5. HP: 5/38 MP: 0/10
  4053 | D:3      | Learned a level 4 spell: Summon Lightning Spire
  4263 | D:4      | Reached XP level 6. HP: 42/45 MP: 8/11
  4323 | D:4      | Found a stormy altar of Qazlal.
  4436 | D:4      | Reached skill level 6 in Summonings
  4436 | D:4      | Reached skill level 1 in Air Magic
  4906 | D:4      | Reached XP level 7. HP: 50/50 MP: 4/12
  4906 | D:4      | Your scales start taking on a dull iron-grey colour.
  4906 | D:4      | Gained mutation: You can survive without breathing. [Grey Draconian growth]
  5315 | D:5      | Entered Level 5 of the Dungeon
  5428 | D:5      | Reached skill level 7 in Summonings
  5760 | D:5      | Found a sparkling altar of Nemelex Xobeh.
  5936 | D:5      | Found a shimmering altar of Xom.
  6366 | D:6      | Found a staircase to the Ecumenical Temple.
  6473 | Temple   | Entered the Ecumenical Temple
  6564 | D:6      | Reached XP level 8. HP: 57/57 MP: 11/13
  6657 | D:6      | Reached skill level 8 in Summonings
  7438 | D:7      | Reached skill level 5 in Dodging
  7797 | D:7      | Reached skill level 9 in Summonings
  7994 | D:7      | Found a sacrificial altar of Ru.
  8270 | D:7      | Found a basalt altar of Yredelemnul.
  8314 | D:7      | Reached XP level 9. HP: 61/61 MP: 14/14
  8323 | D:7      | Reached skill level 10 in Summonings
  8900 | D:7      | Noticed Joseph
  8932 | D:7      | Killed Joseph
  9273 | D:8      | Noticed Erolcha
  9312 | D:8      | Killed Erolcha
  9312 | D:8      | Reached skill level 11 in Summonings
  9425 | D:8      | Found a blossoming altar of Fedhas.
  9950 | D:8      | Noticed Grum
  9968 | D:8      | Killed Grum
 10058 | D:8      | Found a stormy altar of Qazlal.
 10103 | D:8      | Reached XP level 10. HP: 66/68 MP: 15/15
 10707 | D:8      | Reached skill level 12 in Summonings
 10966 | D:8      | Gained mutation: You have an increased reservoir of magic (+10% MP). [potion of beneficial mutation]
 10967 | D:8      | Gained mutation: You have sharp toenails. [potion of beneficial mutation]
 11022 | D:8      | Noticed a three-headed hydra
 11050 | D:8      | Killed a three-headed hydra
 11885 | D:9      | Found an ancient bone altar of Kikubaaqudgha.
 12333 | D:9      | Found an opulent altar of Gozag.
 12333 | D:9      | Found a deep blue altar of Sif Muna.
 12346 | D:9      | Became a worshipper of Sif Muna the Loreminder
 12494 | D:9      | Reached skill level 13 in Summonings
 12561 | D:10     | Entered Level 10 of the Dungeon
 12669 | D:10     | Found a staircase to the Lair.
 13698 | Lair:1   | Entered Level 1 of the Lair of Beasts
 13735 | Lair:1   | Noticed a spiny frog
 13980 | Lair:1   | Killed a spiny frog
 13980 | Lair:1   | Reached * piety under Sif Muna
 14073 | Lair:1   | Noticed a spiny frog
 14090 | Lair:1   | Killed a spiny frog
 14106 | Lair:1   | Learned a level 4 spell: Summon Ice Beast
 14268 | Lair:1   | Reached XP level 11. HP: 67/73 MP: 18/20
 14457 | Lair:1   | Reached skill level 5 in Spellcasting
 15352 | Lair:2   | Noticed Harold
 15396 | Lair:2   | Killed Harold
 15760 | Lair:2   | Reached ** piety under Sif Muna
 16249 | Lair:3   | Reached skill level 14 in Summonings
 16425 | Lair:3   | Found a staircase to the Shoals.
 17552 | Lair:4   | Got a heavily runed amber ring
 17553 | Lair:4   | Identified the ring "Noydd" {rElec rC++ Int+7 Dex+4} (You found it on level 4 of the Lair of Beasts)
 17588 | Lair:4   | Found a staircase to the Snake Pit.
 17825 | Lair:4   | Reached *** piety under Sif Muna
 19473 | Lair:5   | Noticed a griffon
 19481 | Lair:5   | Killed a griffon
 19481 | Lair:5   | Reached XP level 12. HP: 64/81 MP: 20/24
 20165 | Lair:5   | Found a glowing silver altar of Zin.
 20270 | Lair:5   | Reached skill level 15 in Summonings
 20605 | Lair:6   | Reached **** piety under Sif Muna
 21628 | Lair:7   | Reached skill level 1 in Fighting
 21660 | Lair:7   | Reached skill level 10 in Dodging
 22539 | Lair:7   | Reached ***** piety under Sif Muna
 23085 | Lair:8   | Entered Level 8 of the Lair of Beasts
 23111 | Lair:8   | Found a labyrinth entrance.
 23120 | Lab      | Entered a labyrinth
 23370 | Lab      | Noticed a minotaur
 23383 | Lab      | Killed a minotaur
 23773 | Lair:8   | Reached skill level 5 in Fighting
 24008 | Lair:8   | Noticed a five-headed hydra
 24030 | Lair:8   | Killed a five-headed hydra
 24030 | Lair:8   | Reached XP level 13. HP: 89/100 MP: 10/28
 24878 | Lair:8   | Found a staircase to the Slime Pits.
 26086 | D:11     | Found a staircase to the Orcish Mines.
 27165 | D:12     | Found a runed gate.
 27165 | D:12     | Found a runed gate.
 27165 | D:12     | Found a runed gate.
 27170 | D:12     | Noticed an ettin
 27172 | D:12     | Noticed a fire dragon
 27173 | D:12     | Noticed a vampire knight
 27250 | D:12     | Found a runed gate.
 27250 | D:12     | Found a runed gate.
 27250 | D:12     | Found a runed gate.
 28969 | D:13     | Noticed Kirke
 28998 | D:13     | Killed Kirke
 28998 | D:13     | Reached skill level 10 in Spellcasting
 29838 | D:13     | Reached ****** piety under Sif Muna
 29838 | D:13     | Received a gift from Sif Muna
 29841 | D:13     | Identified Sif Muna's Volume of Calling (Sif Muna gifted it to you on level 13 of the Dungeon)
 29851 | D:13     | Learned a level 8 spell: Summon Horrible Things
 30480 | D:14     | Reached skill level 16 in Summonings
 30675 | D:14     | Learned a level 7 spell: Malign Gateway
 30722 | D:14     | Found a gate to the Vaults.
 30722 | D:14     | Noticed a vault guard
 30722 | D:14     | Noticed a vault guard
 30722 | D:14     | Noticed a vault guard
 30735 | D:14     | Killed a vault guard
 30735 | D:14     | Reached skill level 1 in Shields
 30740 | D:14     | Killed a vault guard
 30740 | D:14     | Reached XP level 14. HP: 111/111 MP: 12/31
 31455 | D:14     | Reached skill level 1 in Translocations
 31699 | D:15     | Entered Level 15 of the Dungeon
 32097 | D:15     | Found a large runed door.
 32098 | D:15     | Found a large runed door.
 32523 | D:15     | Found a staircase to the Depths.
 33270 | D:15     | Received a gift from Sif Muna
 33274 | D:15     | Identified Fouzuyta's Volume of the Escort (Sif Muna gifted it to you on level 15 of the Dungeon)
 33586 | D:15     | Found an oddly glowing altar of Pakellas.
 33603 | D:15     | Found a shattered altar of Ashenzari.
 34049 | Orc:1    | Entered Level 1 of the Orcish Mines
 34094 | Orc:2    | Entered Level 2 of the Orcish Mines
 34290 | Orc:2    | Killed an eldritch tentacle
 34722 | Orc:2    | Found a bloodstained altar of Trog.
 35189 | Orc:2    | Found a staircase to the Elven Halls.
 36510 | Orc:2    | Found Tuperuh's Antique Armour Emporium.
 36510 | Orc:2    | Found Texy's Jewellery Emporium.
 36524 | Orc:2    | Found Den Poff's Jewellery Shoppe.
 36527 | Orc:2    | Found Heboimes's Distillery.
 36558 | Orc:2    | Bought the ring of the Equinox {rC+ MP+9 Slay+4 Stlth+} for 1232 gold pieces
 37128 | Lair:1   | Upgraded the game from 0.18-a0-1140-g8540535 to 0.18-a0-1147-g8e8348b
 37136 | Lair:1   | Learned a level 7 spell: Monstrous Menagerie
 37188 | Snake:1  | Entered Level 1 of the Snake Pit
 38157 | Elf:1    | Entered Level 1 of the Elven Halls
 39689 | D:14     | Got an ancient spear {drain}
 39690 | D:14     | Identified the +1 spear "Ziok" {drain, rN+ Dex+4} (You took it off an orc priest on level 14 of the Dungeon)
 39835 | Snake:1  | Reached skill level 1 in Polearms
 39837 | Snake:1  | HP: 4/111 [eldritch tentacle[the player character] (4)]
 39837 | Snake:1  | Slain by a naga

Vault maps used:
D:1:      dpeg_arrival_arbitrary_c, minivault_19, minmay_close_crescents
D:2:      minmay_overflow_temple_star_quad, hex_large
D:3:      minmay_overflow_temple_star_hex, uniq_sigmund
D:4:      first_bread, nicolae_qazlal_general_emergency
D:5:      nemelex_xobeh_ov_fountains_minmay, marbit_many_paths
D:6:      temple_fountains
D:7:      basic_altar, lemuel_mausoleum_altar_yredelemnul, uniq_joseph
D:8:      overflow_temple_1_default, fedhas_altar_fruit_tree, hangedman_ranch,
          uniq_grum, uniq_erolcha
D:9:      gammafunk_temple_overflow_elements, enter_bailey_1,
          minmay_strange_pillars, tgw_kikubaaqudgha
D:10:     lair_0_dummy
D:11:     david_orc_4, serial_bayou_crossing
D:12:     kennysheep_treasure_stockpile
D:13:     uniq_kirke
D:14:     lightli_vaults_fourway_checkpoint, minmay_misc_feat_rows,
          minmay_misc_feat_square
D:15:     gammafunk_depths_entry_grave, roderic_lattice_a, jmf_multi_god_temple2
Temple:   nicolae_temple_hex_pool
Lair:1:   beast_lair_carwin_6, infiniplex_staircase_pool_2, grunt_megastairs_2,
          lemuel_fruit_fields
Lair:2:   serial_bayou_shore_a, uniq_harold
Lair:3:   elwin_shoals_entry_stream
Lair:4:   guppyfry_snake_entry_garden, lemuel_old_faithful
Lair:5:   basic_altar
Lair:7:   bh_autumn_forest_stairs
Lair:8:   due_jungle_book, nicolae_slime_entry_slimehenge, lab_entry_generic,
          infiniplex_staircase_pool
Snake:1:  uniq_azrael
Orc:1:    mines2_lemuel, uniq_maud
Orc:2:    st_orc_mages, bloody_trog
Elf:1:    minmay_elf_arrival_circle, orc_legates
Lab:      labyrinth_hidden_loot, nicolae_lab_starburst, nicolae_lab_do_over,
          nicolae_lab_x, labyrinth_skeletal_remains, lab_hedge

Action                   |  1- 3 |  4- 6 |  7- 9 | 10-12 | 13-15 || total
-------------------------+-------+-------+-------+-------+-------++-------
Melee: Dagger            |    59 |       |       |       |   530 ||   589
       Unarmed           |    16 |       |       |       |       ||    16
       Whip              |    97 |    36 |   280 |   957 |   602 ||  1972
       Short sword       |       |    97 |   191 |       |       ||   288
       Staff             |       |       |       |    12 |       ||    12
       Spear             |       |       |       |       |    17 ||    17
Throw: Throwing net      |       |       |       |     1 |       ||     1
 Cast: Summon Small Mamm |     9 |     1 |       |       |       ||    10
       Call Imp          |     9 |    15 |    34 |    33 |       ||    91
       Call Canine Famil |     2 |     9 |    21 |    57 |    60 ||   149
       Summon Lightning  |       |       |     1 |    43 |    30 ||    74
       Summon Ice Beast  |       |       |       |   110 |   227 ||   337
       Summon Horrible T |       |       |       |       |    14 ||    14
       Monstrous Menager |       |       |       |       |    17 ||    17
       Malign Gateway    |       |       |       |       |     3 ||     3
Invok: Channel Energy    |       |       |       |       |     2 ||     2
Evoke: Wand              |       |       |       |       |     1 ||     1
  Use: Potion            |       |     7 |       |     5 |     3 ||    15
       Scroll            |       |       |       |    32 |    11 ||    43
 Stab: Sleeping          |     7 |     3 |     6 |     8 |     5 ||    29
       Distracted        |       |     1 |     2 |    11 |    11 ||    25
  Eat: Bread ration      |     2 |       |     1 |       |     7 ||    10
       Chunk             |     1 |       |     5 |    15 |     5 ||    26
       Meat ration       |       |     1 |     1 |     4 |     5 ||    11
       Fruit             |       |       |     9 |    20 |     8 ||    37
       Beef jerky        |       |       |     2 |     4 |     1 ||     7
       Royal jelly       |       |       |     1 |       |       ||     1
       Pizza             |       |       |       |     5 |       ||     5
